Map: King's Cove LE

Players

Lambo

  • Race: Zerg Zerg
  • League: Master
  • Spawn Location: 5:00

Serral - Winner!

  • Race: Zerg Zerg
  • League: Master
  • Spawn Location: 11:00

Event: 2019 WCS Winter Europe

VOD

Have the link to the VOD?

Description

Time

  • Played on: March 24, 2019, 10:32 a.m.
  • Length: 26:09

All games in this series

Show
View Real Time Build Order
Export as new Build Order

Lambo Zerg 

Build Orders: Hatch First, Roach Nydus 

Get SALT Encoding   

  12  0:00  Drone  
  13  0:12  Overlord  
  13  0:18  Drone  
  14  0:31  Drone x2  
  16  0:49  Hatchery  
  15  0:52  Drone  
  15  0:56  Drone  
  17  0:59  Drone  
  18  1:10  Extractor  
  17  1:15  Spawning Pool  
  17  1:18  Drone  
  17  1:21  Drone  
  18  1:28  Drone  
  19  1:39  Drone  
  20  1:49  Drone  
  21  2:01  Queen x2, Drone  
  21  2:02  Overlord  
  26  2:12  Drone  
  26  2:14  Drone  
  28  2:26  Zergling x4  
  30  2:37  Hatchery  
  30  2:38  Drone  
  30  2:41  Drone  
  31  2:45  Drone  
  31  2:50  Overlord, Baneling Nest  
  31  2:55  Drone x2  
  33  3:05  Queen, Drone  
  35  3:10  Drone x2  
  35  3:12  Drone  
  39  3:14  Drone  
  39  3:16  Zergling x2  
  39  3:17  Drone  
  42  3:20  Drone  
  42  3:26  Lair  
  43  3:34  Baneling x2  
  43  3:38  Evolution Chamber  
  43  3:41  Baneling x2  
  41  3:42  Roach Warren  
  41  3:45  Queen  
  42  3:55  Drone x4  
  46  3:56  Extractor  
  46  3:57  Extractor, Drone  
  46  4:00  Drone x2  
  47  4:03  Drone  
  47  4:07  Overlord  
  47  4:08  Drone  
  49  4:22  Drone x2  
  50  4:26  Overlord  
  50  4:34  Queen  
  50  4:35  Nydus Network  
  50  4:37  Roach  
  50  4:38  Roach x2  
  61  4:45  Roach x2  
  61  4:53  Roach x2  
  61  4:58  Overlord  
  64  5:03  Overlord  
  64  5:04  Overlord, Queen  
  65  5:12  Nydus Canal  
  65  5:22  Roach x4  
  65  5:24  Roach x3, Overlord  
  65  5:27  Roach  
  81  5:29  Roach  
  81  5:32  Roach  
  81  5:34  Roach  
  87  5:36  Roach  
  87  5:40  Nydus Canal  
  89  5:43  Roach, Zergling x2  
  89  5:49  Roach  
  90  5:50  Roach  
  84  5:57  Roach x2  
  84  6:01  Roach  
  84  6:02  Roach  
  82  6:05  Roach  
  82  6:07  Drone x3  
  80  6:12  Overseer  
  80  6:14  Queen  
  80  6:15  Drone  
  83  6:25  Drone x3  
  86  6:27  Zerg Missile Weapons Level 1  
  86  6:29  Drone x2  
Show
View Real Time Build Order
Export as new Build Order

Serral Zerg - Winner!

Build Orders: Hatch First 

Get SALT Encoding   

  12  0:00  Drone  
  13  0:12  Overlord  
  13  0:17  Drone  
  14  0:31  Drone x2  
  16  0:50  Hatchery  
  16  0:52  Drone  
  16  0:56  Drone  
  17  0:59  Drone  
  18  1:10  Extractor  
  17  1:15  Spawning Pool  
  17  1:18  Drone  
  17  1:21  Drone  
  18  1:28  Drone  
  19  1:39  Drone  
  20  1:49  Drone  
  21  2:01  Overlord  
  21  2:02  Queen x2  
  21  2:03  Zergling x2  
  26  2:10  Metabolic Boost  
  26  2:12  Drone  
  26  2:13  Drone  
  28  2:22  Drone  
  29  2:23  Drone  
  30  2:37  Hatchery  
  30  2:39  Drone  
  30  2:48  Baneling Nest  
  30  2:49  Zergling x4  
  31  2:54  Overlord  
  31  2:57  Drone  
  32  3:00  Drone  
  33  3:06  Drone x2  
  33  3:10  Drone  
  36  3:14  Zergling x6  
  36  3:15  Zergling x2  
  40  3:20  Overlord  
  40  3:22  Zergling x2  
  40  3:25  Zergling x2  
  42  3:31  Queen  
  44  3:36  Baneling x2  
  44  3:37  Baneling x2  
  44  3:41  Drone  
  45  3:42  Evolution Chamber  
  45  3:43  Drone  
  45  3:45  Drone  
  45  3:47  Drone  
  47  3:50  Drone  
  47  3:51  Drone  
  47  3:54  Drone  
  50  3:58  Drone  
  50  4:00  Drone  
  50  4:02  Drone x2  
  53  4:08  Zerg Missile Weapons Level 1  
  53  4:09  Drone  
  54  4:10  Drone  
  54  4:13  Drone x2  
  56  4:20  Drone x3  
  56  4:23  Overlord  
  58  4:26  Extractor, Drone  
  58  4:27  Extractor, Drone  
  58  4:31  Overlord  
  58  4:40  Roach Warren  
  58  4:41  Overlord  
  58  4:43  Drone  
  58  4:52  Drone x3  
  60  4:53  Drone x2  
  60  4:56  Overlord  
  60  4:57  Overlord  
  60  4:59  Overlord  
  62  5:04  Extractor  
  60  5:20  Roach x11  
  82  5:23  Spine Crawler  
  83  5:28  Roach x2  
  83  5:29  Roach  
  83  5:32  Roach  
  83  5:33  Roach  
  91  5:42  Spine Crawler  
  91  5:43  Roach x4  
  91  5:49  Roach x3  
  104  5:52  Roach  
  104  5:54  Roach, Zergling x2  
  100  6:00  Roach x2  
  102  6:04  Roach x2  
  102  6:08  Lair  
  99  6:14  Drone x3  
  99  6:17  Extractor x2  
  100  6:21  Zerg Ground Armor Level 1  
  100  6:22  Drone  
  101  6:30  Overlord, Pneumatized Carapace  
  101  6:32  Drone x2  
Tags
 
Add a new tag
Caveats
  • Supply blocks, unpowered buildings, or Contaminate may cause inaccurate times.
  • Supply counts are checked every 10 seconds.